 Dungeon Crawl Stone Soup version 0.28-a0-48-gfd831c5874 (webtiles) character file.

Game seed: 14426179980237227729

31 Spaninq the Sneak (level 3, 0/16 HPs)
             Began as a Spriggan Enchanter on July 29, 2021.
             Slain by a goblin (2 damage)
             ... on level 2 of the Dungeon.
             The game lasted 00:03:49 (1012 turns).

Spaninq the Sneak (Spriggan Enchanter)              Turns: 1012, Time: 00:03:50

Health: 0/16       AC:  2    Str:  4    XL:     3   Next: 7%
Magic:  4/8        EV: 17    Int: 16    God:
Gold:   87         SH:  0    Dex: 16    Spells: 5/8 levels left

rFire   . . .      SeeInvis +   a - +1 dagger
rCold   . . .      Faith    .   (shield restricted)
rNeg    . . .      Spirit   .   b - +0 robe
rPois   .          Reflect  .   (helmet restricted)
rElec   .          Harm     .   (no cloak)
rCorr   .          Rampage  .   (gloves unavailable)
Will    .....                   (boots unavailable)
Stlth   +++.......              (no amulet)
HPRegen 0.05/turn               (no ring)
MPRegen 0.11/turn               (no ring)

@: very slightly contaminated, very quick
A: very small, no large weapons, unfitting armour, see invisible, speed 3
a: no special abilities


You were on level 2 of the Dungeon.
You visited 1 branch of the dungeon, and saw 2 of its levels.

You collected 87 gold pieces.

Inventory:

Hand Weapons
 a - a +1 dagger (weapon)
Armour
 b - a +0 robe (worn)
Jewellery
 d - a +6 ring of dexterity
Scrolls
 c - a scroll of identify {unknown}
 f - a scroll of enchant armour {unknown}
Potions
 e - a potion of brilliance {unknown}


   Skills:
 * Level 1.9 Short Blades
 + Level 3.0 Dodging
 * Level 5.1 Stealth
 + Level 3.0 Spellcasting
 + Level 3.9 Hexes


You had 5 spell levels left.
You knew the following spells:

 Your Spells              Type           Power      Damage    Failure   Level
a - Corona                Hex            16%        N/A       3%          1
b - Ensorcelled Hibernat  Hex/Ice        16%        N/A       13%         2

Your spell library contained the following spells:

 Spells                   Type           Power      Damage    Failure   Level
 Confusing Touch          Hex            15%        N/A       11%         3
 Tukima's Dance           Hex            15%        N/A       11%         3
 Dazzling Flash           Conj/Hex       16%        N/A       26%         3


Dungeon Overview and Level Annotations

Branches:
Dungeon (2/15)

Altars:

Shops:
D:1 [


Innate Abilities, Weirdness & Mutations

You are very small and have problems with some larger weapons.
You are too small for most types of armour.
You have supernaturally acute eyesight. (SInv)
You cover ground extremely quickly. (Speed+++)


Message History

You impale the adder!!
You kill the adder!
* * * LOW HITPOINT WARNING * * *
You feel sick.
Your Spellcasting skill increases to level 3!
You have reached level 3!
Your experience leads to an increase in your attributes!
Increase (S)trength, (I)ntelligence, or (D)exterity?
You feel agile.
Things that are here:
an adder corpse; an adder corpse You feel sick.
You feel sick.
You feel sick.
You are no longer poisoned.
Found 18 gold pieces.
A kobold comes into view. It is wielding a +0 short sword.
You start resting.
Magic restored.
You start resting.
A goblin is nearby!
The goblin shouts!
You hit the goblin but do no damage. The goblin misses you.
Casting: Ensorcelled Hibernation (safe; 13% risk of failure)
Confirm with . or Enter, or press ? or * to list all spells.
Aiming: Ensorcelled Hibernation (safe; 13% risk of failure)
Press: ? - help, Shift-Dir - straight line, f - goblin
Aim: a goblin, wielding a +0 club (chance to affect: 57%)
You miscast Ensorcelled Hibernation.
You are very lightly contaminated with residual magic.
Nothing appears to happen.
The goblin hits you with a +0 club.
* * * LOW HITPOINT WARNING * * *
Casting: Ensorcelled Hibernation (safe; 13% risk of failure)
Confirm with . or Enter, or press ? or * to list all spells.
Aiming: Ensorcelled Hibernation (safe; 13% risk of failure)
Press: ? - help, Shift-Dir - straight line, f/p - goblin
Aim: a goblin, wielding a +0 club (chance to affect: 57%)
You miscast Ensorcelled Hibernation.
Nothing appears to happen.
The goblin hits you with a +0 club.
You die...

..###...$... ..
##...##..##..#.#
.<.#...S.##.K#..
.#.<.##..K#.....
.##.##....$.....
.##.#.......#.#.##
.##...........##.##
..#..K...g....###g#
.......♣♣♣♣♣..##@##
#.#...♣♣ ♣..#..#
#.#.#.♣ ♣..#.#
#†....♣ ♣♣..#.##
#.#...♣♣♣♣♣♣......#
#g#.#.......####..#
#.#g###.###.# #..#
#.#.# #.# #.# #..#
#.#.# #.###.# ..#


You could see a goblin.

Vanquished Creatures
  2 adders (D:2)
  A dart slug (D:1)
  2 endoplasms (D:1)
  2 goblins (D:1)
  A hobgoblin (D:1)
  A jackal (D:1)
  A kobold (D:1)
  2 rats (D:1)
12 creatures vanquished.

Notes
Turn   | Place    | Note
-------+----------+-------------------------------------------
     0 | D:1      | Spaninq the Spriggan Enchanter began the quest for the Orb.
     0 | D:1      | Reached XP level 1. HP: 9/9 MP: 5/5
   489 | D:1      | Reached XP level 2. HP: 13/13 MP: 6/6
   554 | D:1      | Learned a level 2 spell: Ensorcelled Hibernation
   600 | D:1      | Found Lecrit's Antique Armour Boutique.
   893 | D:2      | Reached skill level 5 in Stealth
   897 | D:2      | Reached XP level 3. HP: 4/16 MP: 0/8
  1012 | D:2      | Slain by a goblin

Illustrated notes

Levels and vault maps discovered:
D:1:      minmay_arrival_hallway, layout_loops_ring, serial_shops,
          nicolae_shop_waterfront
D:2:      kennysheep_six_static_rooms, layout_loops_ring, nrook_campfire

Skill      XL: |  1  2 |
---------------+-------+-----
Dodging        | 3 |  3.0
Stealth        | 5 |  5.1
Spellcasting   | 3 |  3.0
Short Blades   | |  1.9
Hexes          | |  3.9

Action                   || total
-------------------------++-------
Melee: Dagger            ||    38
 Cast: Ensorcelled Hiber ||     5
 Stab: Sleeping          ||     5
       Distracted        ||     1
Armor: Robe              ||     3
Dodge: Dodged            ||    21

Table legend: (Time is in decaauts)
 A = Elapsed time spent in this place.
 B = Non-inter-level travel time spent in this place.
 C = Inter-level travel time spent in this place.
 D = Time resting spent in this place.
 E = Time spent auto-exploring this place.
 F = Levels seen in this place.
 G = Mean time per level.
                   A        B        C        D        E       F      G
               +--------+--------+--------+--------+--------+-----+--------+
         Total |    730 |    707 |     23 |    227 |    267 |   2 |  365.0 |
       Dungeon |    730 |    707 |     23 |    227 |    267 |   2 |  365.0 |
               +--------+--------+--------+--------+--------+-----+--------+

Top non-repeatable levels by time:
     D:1: 603 daAuts
     D:2: 126 daAuts
